TOP OF THE 1ST |
Quad Cities River Bandits batting - Pitching for Burlington Bees : RHP Hector Carrizales
|
Pitching: RHP Hector Carrizales
|
|
Batting: RHB Ben Sutton
|
0-0: Fly out, F8 (Flyball, 8RM, EV 86.9 MPH)
|
Batting: LHB Bruce Arvizu
|
0-0: Ball 1-0: Ball 2-0: Foul Ball, location: 2F 2-1: Ground out 5-3 (Groundball, 5, EV 110.0 MPH)
|
Batting: LHB Daigo Ishii
|
0-0: Ball 1-0: Fly out, F7 (Flyball, 7S, EV 91.2 MPH)
|
Top of the 1st over - 0 runs, 0 hits, 0 errors, 0 left on base; Quad Cities 0 - Burlington 0 |
BOTTOM OF THE 1ST |
Burlington Bees batting - Pitching for Quad Cities River Bandits : RHP Omar Pineda
|
Pitching: RHP Omar Pineda
|
|
Batting: RHB T.J. Gray
|
0-0: Ball 1-0: SINGLE (Groundball, 4M, EV 93.8 MPH)
|
Batting: RHB Dan Burkhart
|
0-0: Called Strike T.J. Gray steals 2nd base 0-1: Foul Ball, location: 2F 0-2: Ball 1-2: Ball 2-2: Ground out 1-3 (Groundball, 34S, EV 63.1 MPH) T.J. Gray to third
|
Batting: LHB Dave Hicks
|
0-0: Foul Ball, location: 2F 0-1: Foul Ball, location: 2F 0-2: Ball 1-2: Strikes out looking
|
Batting: SHB Danny Gelinas
|
0-0: Ball 1-0: Ball 2-0: Ball 3-0: Called Strike 3-1: Base on Balls
|
Batting: RHB Peter Westover
|
0-0: Foul Ball, location: 2F 0-1: Foul Ball, location: 2F 0-2: Foul Ball, location: 2F 0-2: Ball 1-2: Ball 2-2: Ball 3-2: Base on Balls Danny Gelinas to second
|
Batting: LHB Alberto Carrillo
|
0-0: Called Strike 0-1: Called Strike 0-2: Ball 1-2: Foul Ball, location: 2F 1-2: Foul Ball, location: 2F 1-2: Fly out, F9 (Flyball, 9D, EV 94.4 MPH)
|
Bottom of the 1st over - 0 runs, 1 hit, 0 errors, 3 left on base; Quad Cities 0 - Burlington 0 |
TOP OF THE 2ND |
Quad Cities River Bandits batting - Pitching for Burlington Bees : RHP Hector Carrizales
|
Batting: RHB Erik Smith
|
0-0: Ball 1-0: Called Strike 1-1: Ball 2-1: Ball 3-1: Fly out, F9 (Line Drive, 9S, EV 95.0 MPH)
|
Batting: RHB Andrew Pride
|
0-0: DOUBLE (Groundball, 5L, EV 102.5 MPH)
|
Batting: RHB Steve Moore
|
0-0: Called Strike 0-1: Called Strike 0-2: Ball 1-2: SINGLE (Groundball, 4MD, EV 106.9 MPH) Andrew Pride to third
|
Batting: LHB Aldo Kok
|
0-0: Foul Ball, location: 2F 0-1: Ball 1-1: Ball Wild Pitch! Andrew Pride scores Steve Moore to second 2-1: Foul Ball, location: 2F 2-2: Ground out 5-3 (Groundball, 56, EV 88.1 MPH)
|
Batting: LHB Bob Govella
|
0-0: Ball 1-0: Foul Ball, location: 2F 1-1: Ground out 4-3 (Groundball, 4, EV 106.9 MPH)
|
Top of the 2nd over - 1 run, 2 hits, 0 errors, 1 left on base; Quad Cities 1 - Burlington 0 |
BOTTOM OF THE 2ND |
Burlington Bees batting - Pitching for Quad Cities River Bandits : RHP Omar Pineda
|
Batting: RHB Rory Cobb
|
0-0: Ground out 4-3 (Groundball, 4, EV 82.5 MPH)
|
Batting: RHB Davey Verhoog
|
0-0: Called Strike 0-1: Swinging Strike 0-2: Ball 1-2: Foul Ball, location: 2F 1-2: Ground out 4-3 (Groundball, 4, EV 104.4 MPH)
|
Batting: RHB Malachi Ephron
|
0-0: Ball 1-0: Called Strike 1-1: SINGLE (Groundball, 6MD, EV 103.8 MPH)
|
Batting: RHB T.J. Gray
|
0-0: Called Strike 0-1: Foul Ball, location: 2F 0-2: SINGLE (Groundball, 6D, EV 95.6 MPH) Malachi Ephron to second
|
Batting: RHB Dan Burkhart
|
0-0: Ball 1-0: Called Strike 1-1: Foul Ball, location: 2F 1-2: Ground out U3 (Groundball, 3D, EV 92.5 MPH)
|
Bottom of the 2nd over - 0 runs, 2 hits, 0 errors, 2 left on base; Quad Cities 1 - Burlington 0 |
TOP OF THE 3RD |
Quad Cities River Bandits batting - Pitching for Burlington Bees : RHP Hector Carrizales
|
Batting: LHB Mike Handrahan
|
0-0: SINGLE (Groundball, 34D, EV 95.0 MPH)
|
Batting: RHB Ben Sutton
|
0-0: Ball 1-0: Foul Ball, location: 2F 1-1: Foul Ball, location: 2F 1-2: Fielders Choice at 2nd, 4-6 (Groundball, 4, EV 85.0 MPH)
|
Batting: LHB Bruce Arvizu
|
0-0: Ball Ben Sutton steals 2nd base 1-0: Foul Ball, location: 2F 1-1: Swinging Strike 1-2: Strikes out swinging
|
Batting: LHB Daigo Ishii
|
0-0: Called Strike 0-1: Ball 1-1: Fly out, F4 (Popup, 34D, EV 60.0 MPH)
|
Top of the 3rd over - 0 runs, 1 hit, 0 errors, 1 left on base; Quad Cities 1 - Burlington 0 |
BOTTOM OF THE 3RD |
Burlington Bees batting - Pitching for Quad Cities River Bandits : RHP Omar Pineda
|
Batting: LHB Dave Hicks
|
0-0: Ball 1-0: Ball 2-0: Fly out, F7 (Flyball, 7D, EV 104.4 MPH)
|
Batting: SHB Danny Gelinas
|
0-0: Ball 1-0: Called Strike 1-1: Swinging Strike 1-2: Strikes out looking
|
Batting: RHB Peter Westover
|
0-0: Ball 1-0: Swinging Strike 1-1: Foul Ball, location: 2F 1-2: Strikes out swinging
|
Bottom of the 3rd over - 0 runs, 0 hits, 0 errors, 0 left on base; Quad Cities 1 - Burlington 0 |
TOP OF THE 4TH |
Quad Cities River Bandits batting - Pitching for Burlington Bees : RHP Hector Carrizales
|
Batting: RHB Erik Smith
|
0-0: Called Strike 0-1: Ball 1-1: Foul Ball, location: 2F 1-2: Ball 2-2: Strikes out swinging
|
Batting: RHB Andrew Pride
|
0-0: Ball 1-0: Ball 2-0: Called Strike 2-1: Ground out U3 (Groundball, 34, EV 101.9 MPH)
|
Batting: RHB Steve Moore
|
0-0: Ball 1-0: Called Strike 1-1: SINGLE (Line Drive, 8RS, EV 110.0 MPH)
|
Batting: LHB Aldo Kok
|
0-0: Ball 1-0: Ball 2-0: Ball 3-0: Called Strike 3-1: Foul Ball, location: 2F 3-2: Fly out, F6 (Popup, 6D, EV 50.0 MPH)
|
Top of the 4th over - 0 runs, 1 hit, 0 errors, 1 left on base; Quad Cities 1 - Burlington 0 |
BOTTOM OF THE 4TH |
Burlington Bees batting - Pitching for Quad Cities River Bandits : RHP Omar Pineda
|
Batting: LHB Alberto Carrillo
|
0-0: Ball 1-0: Ball 2-0: Swinging Strike 2-1: Fly out, F9 (Line Drive, 9LS, EV 94.4 MPH)
|
Batting: RHB Rory Cobb
|
0-0: Called Strike 0-1: Ground out 5-3 (Groundball, 5L, EV 88.8 MPH)
|
Batting: RHB Davey Verhoog
|
0-0: Ball 1-0: Ball 2-0: Foul Ball, location: 2F 2-1: Foul Ball, location: 2F 2-2: Foul Ball, location: 2F 2-2: Strikes out looking
|
Bottom of the 4th over - 0 runs, 0 hits, 0 errors, 0 left on base; Quad Cities 1 - Burlington 0 |
TOP OF THE 5TH |
Quad Cities River Bandits batting - Pitching for Burlington Bees : RHP Hector Carrizales
|
Batting: LHB Bob Govella
|
0-0: Called Strike 0-1: Ball 1-1: Fly out, F7 (Flyball, 7LM, EV 101.2 MPH)
|
Batting: LHB Mike Handrahan
|
0-0: Called Strike 0-1: Swinging Strike 0-2: DOUBLE (Line Drive, 7D, EV 97.5 MPH)
|
Batting: RHB Ben Sutton
|
0-0: Ground out 5-3 (Groundball, 56S, EV 73.8 MPH) Mike Handrahan to third
|
Batting: LHB Bruce Arvizu
|
0-0: Ball 1-0: Called Strike 1-1: Called Strike 1-2: Ball 2-2: DOUBLE (Flyball, 78D, EV 100.0 MPH) Mike Handrahan scores
|
Batting: LHB Daigo Ishii
|
0-0: Called Strike 0-1: Called Strike 0-2: Strikes out looking
|
Top of the 5th over - 1 run, 2 hits, 0 errors, 1 left on base; Quad Cities 2 - Burlington 0 |
BOTTOM OF THE 5TH |
Burlington Bees batting - Pitching for Quad Cities River Bandits : RHP Omar Pineda
|
Batting: RHB Malachi Ephron
|
0-0: Ball 1-0: Ball 2-0: Fly out, F8 (Flyball, 8RD, EV 99.4 MPH)
|
Batting: RHB T.J. Gray
|
0-0: Ball 1-0: Ball 2-0: SINGLE (Groundball, 56D, EV 100.0 MPH) (infield hit)
|
Batting: RHB Dan Burkhart
|
0-0: Called Strike 0-1: Called Strike 0-2: Ball 1-2: Foul Ball, location: 2F 1-2: Fly out, F9 (Flyball, 9D, EV 90.6 MPH)
|
Batting: LHB Dave Hicks
|
0-0: Ball T.J. Gray steals 2nd base 1-0: Ground out U3 (Groundball, 34, EV 85.6 MPH)
|
Bottom of the 5th over - 0 runs, 1 hit, 0 errors, 1 left on base; Quad Cities 2 - Burlington 0 |
TOP OF THE 6TH |
Quad Cities River Bandits batting - Pitching for Burlington Bees : RHP Hector Carrizales
|
Batting: RHB Erik Smith
|
0-0: Ball 1-0: Called Strike 1-1: Ball 2-1: Swinging Strike 2-2: Strikes out swinging
|
Batting: RHB Andrew Pride
|
0-0: Ball 1-0: Ball 2-0: Ball 3-0: Base on Balls
|
Batting: RHB Steve Moore
|
0-0: Called Strike 0-1: Ball 1-1: Ball 2-1: Grounds into double play, 6-4-3 (Groundball, 6, EV 83.1 MPH)
|
Top of the 6th over - 0 runs, 0 hits, 0 errors, 0 left on base; Quad Cities 2 - Burlington 0 |
BOTTOM OF THE 6TH |
Burlington Bees batting - Pitching for Quad Cities River Bandits : RHP Omar Pineda
|
Batting: SHB Danny Gelinas
|
0-0: Called Strike 0-1: Ball 1-1: Foul Ball, location: 2F 1-2: Ball 2-2: Ball 3-2: Base on Balls
|
Pitching: RHP Carlos Zavala
|
|
Batting: RHB Peter Westover
|
0-0: Called Strike 0-1: Ball 1-1: Ball 2-1: Ball 3-1: Fly out, F8 (Flyball, 8RXD, EV 104.4 MPH)
|
Batting: LHB Alberto Carrillo
|
0-0: Ball 1-0: SINGLE (Groundball, 34D, EV 99.4 MPH) Danny Gelinas to second Runner from 2nd tries for 3rd, SAFE, throw by RF made to third
|
Batting: RHB Rory Cobb
|
0-0: SINGLE (Groundball, 56D, EV 106.2 MPH) Danny Gelinas scores Alberto Carrillo to second
|
Pinch Runner at 2nd Edward Hillock:
|
|
Batting: RHB Davey Verhoog
|
0-0: Ball 1-0: Grounds into double play, 4-6-3 (Groundball, 4, EV 86.9 MPH)
|
Bottom of the 6th over - 1 run, 2 hits, 0 errors, 1 left on base; Quad Cities 2 - Burlington 1 |
TOP OF THE 7TH |
Quad Cities River Bandits batting - Pitching for Burlington Bees : RHP Hector Carrizales
|
Now in LF: Joe Hewitt
|
|
Now in RF: T.J. Gray
|
|
Batting: LHB Aldo Kok
|
0-0: Called Strike 0-1: Ball 1-1: Ground out 6-3 (Groundball, 6, EV 101.9 MPH)
|
Pitching: LHP Paul Griffin
|
|
Batting: LHB Bob Govella
|
0-0: Foul Ball, location: 2F 0-1: Ball 1-1: Called Strike 1-2: Strikes out swinging
|
Batting: LHB Mike Handrahan
|
0-0: Called Strike 0-1: Ball 1-1: Foul Ball, location: 2F 1-2: Ball 2-2: SINGLE (Groundball, 4M, EV 104.4 MPH) (infield hit)
|
Batting: RHB Ben Sutton
|
0-0: Foul Ball, location: 2F 0-1: TRIPLE (Flyball, 78XD, EV 107.5 MPH) Mike Handrahan scores
|
Batting: LHB Bruce Arvizu
|
0-0: Called Strike 0-1: Ball 1-1: Ball 2-1: Ball 3-1: Base on Balls
|
Batting: LHB Daigo Ishii
|
0-0: Foul Ball, location: 2F 0-1: Fly out, F7 (Flyball, 7, EV 94.4 MPH)
|
Top of the 7th over - 1 run, 2 hits, 0 errors, 2 left on base; Quad Cities 3 - Burlington 1 |
BOTTOM OF THE 7TH |
Burlington Bees batting - Pitching for Quad Cities River Bandits : RHP Carlos Zavala
|
Batting: RHB Malachi Ephron
|
0-0: TRIPLE (Line Drive, 78XD, EV 110.0 MPH)
|
Batting: RHB T.J. Gray
|
0-0: Called Strike 0-1: Hit by Pitch
|
Batting: RHB Dan Burkhart
|
0-0: Ball T.J. Gray steals 2nd base 1-0: Foul Ball, location: 2F 1-1: Called Strike 1-2: Ball 2-2: Ball 3-2: Strikes out looking
|
Batting: LHB Dave Hicks
|
0-0: Ball 1-0: Ball 2-0: Ball 3-0: Called Strike 3-1: Called Strike 3-2: TRIPLE (Flyball, 9D, EV 89.4 MPH) Malachi Ephron scores T.J. Gray scores
|
Batting: SHB Danny Gelinas
|
0-0: Called Strike 0-1: Ball 1-1: SINGLE (Groundball, 34D, EV 103.8 MPH) Dave Hicks scores
|
Batting: RHB Peter Westover
|
0-0: Called Strike 0-1: Ball 1-1: Ball 2-1: Foul Ball, location: 2F 2-2: Strikes out swinging
|
Batting: RHB Joe Hewitt
|
0-0: Ball Passed Ball! Danny Gelinas to second 1-0: Ball 2-0: Ball 3-0: Called Strike 3-1: Base on Balls
|
Batting: RHB Rory Cobb
|
0-0: Foul Ball, location: 2F 0-1: Ball 1-1: Foul Ball, location: 2F 1-2: 3-RUN HOME RUN (Flyball, 9LD, EV 103.8 MPH), Distance : 411 ft
|
Batting: RHB Davey Verhoog
|
0-0: Ball 1-0: SOLO HOME RUN (Flyball, 78XD, EV 103.8 MPH), Distance : 416 ft
|
Batting: RHB Malachi Ephron
|
0-0: Ball 1-0: Called Strike 1-1: Swinging Strike 1-2: Strikes out swinging
|
Bottom of the 7th over - 7 runs, 5 hits, 0 errors, 0 left on base; Quad Cities 3 - Burlington 8 |
TOP OF THE 8TH |
Quad Cities River Bandits batting - Pitching for Burlington Bees : LHP Paul Griffin
|
Batting: RHB Erik Smith
|
0-0: Swinging Strike 0-1: Called Strike 0-2: Fly out, F8 (Flyball, 8RXD, EV 99.4 MPH)
|
Batting: RHB Andrew Pride
|
0-0: Foul Ball, location: 2F 0-1: Ground out 5-3 (Groundball, 56, EV 90.6 MPH)
|
Batting: RHB Steve Moore
|
0-0: Ball 1-0: Ball 2-0: Ball 3-0: Base on Balls
|
Batting: LHB Aldo Kok
|
0-0: Called Strike 0-1: Fly out, F5 (Popup, 25, EV 82.5 MPH)
|
Top of the 8th over - 0 runs, 0 hits, 0 errors, 1 left on base; Quad Cities 3 - Burlington 8 |
BOTTOM OF THE 8TH |
Burlington Bees batting - Pitching for Quad Cities River Bandits : RHP Carlos Zavala
|
Batting: RHB T.J. Gray
|
0-0: Foul Ball, location: 2F 0-1: Ball 1-1: Ball 2-1: Swinging Strike 2-2: Foul Ball, location: 2F 2-2: Ball 3-2: Reached on error, E6 (Groundball, 6, EV 90.6 MPH)
|
Batting: RHB Dan Burkhart
|
0-0: Ball T.J. Gray steals 2nd base (no throw) 1-0: Called Strike 1-1: Called Strike T.J. Gray steals 3rd base 1-2: Foul Ball, location: 2F 1-2: Ball 2-2: Strikes out swinging
|
Pitching: RHP Isaiah McLaurin
|
|
Batting: LHB Dave Hicks
|
0-0: Swinging Strike 0-1: Swinging Strike 0-2: Ball 1-2: SINGLE (Flyball, 8LS, EV 94.4 MPH) T.J. Gray scores
|
Batting: SHB Danny Gelinas
|
0-0: Called Strike 0-1: Ball 1-1: Ball 2-1: Ball 3-1: Base on Balls Dave Hicks to second
|
Batting: RHB Peter Westover
|
0-0: Called Strike 0-1: Foul Ball, location: 2F 0-2: Strikes out swinging
|
Batting: RHB Joe Hewitt
|
0-0: Called Strike 0-1: Ball Wild Pitch! Dave Hicks to third Danny Gelinas to second 1-1: Ground out 6-3 (Groundball, 6M, EV 110.6 MPH)
|
Bottom of the 8th over - 1 run, 1 hit, 1 error, 2 left on base; Quad Cities 3 - Burlington 9 |
TOP OF THE 9TH |
Quad Cities River Bandits batting - Pitching for Burlington Bees : LHP Paul Griffin
|
Batting: LHB Bob Govella
|
0-0: Ground out 6-3 (Groundball, 56D, EV 108.1 MPH)
|
Batting: LHB Mike Handrahan
|
0-0: Ball 1-0: Ball 2-0: Foul Ball, location: 2F 2-1: Foul Ball, location: 2F 2-2: Foul Ball, location: 2F 2-2: SINGLE (Groundball, 4MD, EV 105.6 MPH)
|
Batting: RHB Ben Sutton
|
0-0: Called Strike 0-1: Ball 1-1: Grounds into double play, 6-4-3 (Groundball, 6, EV 88.1 MPH)
|
Top of the 9th over - 0 runs, 1 hit, 0 errors, 0 left on base; Quad Cities 3 - Burlington 9 |
|